 Dungeon Crawl Stone Soup version 0.30.0-29-ga12c61a403 (webtiles) character file.

Game seed: 1135378456263987680

100 qw the Chopper (level 4, -2/28 HPs)
             Began as a Gargoyle Fighter on June 3, 2023.
             Slain by a gnoll
             ... wielding a +0 halberd
              (7 damage)
             ... on level 2 of the Dungeon.
             The game lasted 00:00:53 (772 turns).

qw the Chopper (Gargoyle Fighter)                    Turns: 772, Time: 00:00:53

Health: -2/28      AC: 10    Str: 22    XL:     4   Next: 73%
Magic:  4/4        EV:  9    Int:  8    God:
Gold:   83         SH:  4    Dex:  9    Spells: 3/3 levels left

rFire   . . .        Y - +0 war axe
rCold   . . .        c - +0 buckler
rNeg    + . .        b - +0 scale mail
rPois   inf          (no helmet)
rElec   +            (no cloak)
rCorr   .            (no gloves)
SInv    .            (no boots)
Will    .....        (no amulet) Stlth
                     (no ring)
HPRegen 0.24/turn    (no ring)
MPRegen 0.09/turn

%: no passive effects
@: no status effects
A: sickness immunity, AC +3, negative energy resistance 1, electricity
resistance, torment resistance 1, petrification resistance
a: no special abilities


You were on level 2 of the Dungeon.
You visited 1 branch of the dungeon, and saw 2 of its levels.

You collected 83 gold pieces.


Innate Abilities, Weirdness & Mutations

You are immune to sickness and miasma.
Your stone body is resilient. (AC +3)
You are immune to poison.
You resist negative energy. (rN+)
You are resistant to electric shocks. (rElec)
You are resistant to unholy torment.
You are immune to petrification.


   Skills:
 - Level 3.2 Fighting
 + Level 4.3 Axes
 - Level 3.2 Armour
 - Level 3.2 Shields


You had 3 spell levels left.
You didn't know any spells.
Your spell library was empty.

Inventory:

Hand Weapons
 f - a +0 club
 Y - a +0 war axe (weapon)
Armour
 b - a +0 scale mail (worn)
 c - a +0 buckler (worn)
Scrolls
 a - a scroll of enchant armour {unknown}
 h - a scroll of silence {unknown}
Potions
 d - 2 potions of might
 e - a potion of degeneration {unknown}
 g - 2 potions of cancellation {unknown}
 i - a potion of attraction {unknown}
 j - a potion of flight {unknown}

Dungeon Overview and Level Annotations

Branches:
Dungeon (2/15)

Altars:


Message History

The giant cockroach is heavily wounded.
The giant cockroach barely misses you.
You slash the giant cockroach!
You kill the giant cockroach!
The adder closely misses you.
You hit the adder.
The adder is moderately wounded.
The adder bites you but does no damage.
You hit the adder.
The adder is heavily wounded.
The adder bites you but does no damage. The adder closely misses you.
You slash the adder!
You kill the adder!
h - a scroll labelled NOANKO SUOFY
Enter note:
Enter note: 2 gnolls come into view.
Found 9 gold pieces.
The gnoll shouts! x2; You hear a shout! x2
Enter note:
Enter note:
764 ||| Stepping ~*~*~tactically~*~*~ (hiding).
Enter note:
Enter note: You start waiting.
A gnoll is nearby!
A gnoll comes into view. It is wielding a +0 club.
The gnoll shouts!
A gnoll comes into view. It is wielding a +0 club.
The gnoll hits you from afar with a +0 halberd!
769 ||| Stepping ~*~*~tactically~*~*~ (stealth).
The gnoll hits you with a +0 halberd! The gnoll closely misses you.
You hit the gnoll but do no damage. You block the gnoll's attack.
The gnoll hits you but does no damage.
The gnoll hits you from afar with a +0 spear.
The gnoll hits you with a +0 halberd.
You hit the gnoll.
The gnoll is moderately wounded.
The gnoll hits you with a +0 halberd!
You die...

##########
.........#
.........######$
.........gggg...
........@#
.........#
........###
...........#
....)....#.##
...........#
##.#####.#.#
..###..####.#.#
...........#.#.#


You could see 4 gnolls.

Vanquished Creatures
  5 adders (D:2)
  A dart slug (D:1)
  3 endoplasms (D:1)
  4 giant cockroaches
  9 goblins
  4 hobgoblins
  3 kobolds
  3 quokkas
  6 ball pythons (D:1)
  4 bats
  2 frilled lizards (D:1)
  6 rats (D:1)
50 creatures vanquished.

Notes
Turn   | Place    | Note
-------+----------+-------------------------------------------
     0 | D:1      | qw the Gargoyle Fighter began the quest for the Orb.
     0 | D:1      | Reached XP level 1. HP: 14/14 MP: 1/1
     0 | D:1      | 0 ||| qw: Version: 0.2-a-103-g5a998e5
     0 | D:1      | 0 ||| qw: Game counter: 1038
     0 | D:1      | 0 ||| qw: Always use a shield: true
     0 | D:1      | 0 ||| qw: God list: Okawaru
     0 | D:1      | 0 ||| qw: Allow faded altars: false
     0 | D:1      | 0 ||| qw: Do Orc after D:15 true
     0 | D:1      | 0 ||| qw: Do second Lair branch before Depths: true
     0 | D:1      | 0 ||| qw: Lair rune preference: random
     0 | D:1      | 0 ||| qw: Plans: Normal, Zot:1-4, Slime:5, God:TSO, Crypt,
                  | Tomb, Pan, Hells, Abyss, Win
     0 | D:1      | 0 ||| PLANNING D:1-11
    33 | D:1      | Reached skill level 2 in Axes
    42 | D:1      | 42 ||| FLEEEEING.
    53 | D:1      | 53 ||| Stepping ~*~*~tactically~*~*~ (stealth).
    82 | D:1      | Reached XP level 2. HP: 19/19 MP: 2/2
   103 | D:1      | 103 ||| Stepping ~*~*~tactically~*~*~ (stealth).
   119 | D:1      | 119 ||| Stepping ~*~*~tactically~*~*~ (hiding).
   304 | D:1      | Reached skill level 3 in Axes
   313 | D:1      | 313 ||| Stepping ~*~*~tactically~*~*~ (stealth).
   314 | D:1      | 314 ||| Stepping ~*~*~tactically~*~*~ (stealth).
   315 | D:1      | 315 ||| Stepping ~*~*~tactically~*~*~ (stealth).
   317 | D:1      | 317 ||| Stepping ~*~*~tactically~*~*~ (stealth).
   322 | D:1      | Reached XP level 3. HP: 23/23 MP: 3/3
   330 | D:1      | 330 ||| Stepping ~*~*~tactically~*~*~ (stealth).
   517 | D:1      | 517 ||| DROPPING orb of light.
   518 | D:1      | 518 ||| READING scroll labelled URAYNG NOJUELO.
   528 | D:2      | 528 ||| Stepping ~*~*~tactically~*~*~ (stealth).
   568 | D:2      | Reached XP level 4. HP: 28/28 MP: 4/4
   582 | D:2      | Reached skill level 4 in Axes
   764 | D:2      | 764 ||| Stepping ~*~*~tactically~*~*~ (hiding).
   769 | D:2      | 769 ||| Stepping ~*~*~tactically~*~*~ (stealth).
   771 | D:2      | HP: 5/28 [gnoll/+0 halberd (6)]
   772 | D:2      | Slain by a gnoll

Levels and vault maps discovered:
D:1:      eino_arrival_water_star, layout_rooms, minmay_pentomino_p2
D:2:      layout_rooms

Skill      XL: |  1  2  3  4 |
---------------+-------------+-----
Axes           | 2 3 4 |  4.3
Fighting       | |  3.2
Armour         | |  3.2
Shields        | |  3.2

Action                     |  1- 3 |  4- 6 || total
---------------------------+-------+-------++-------
  Melee: War axe           |    88 |    53 ||   141
    Use: Scroll            |     1 |       ||     1
 Armour: Scale mail        |    43 |    24 ||    67
  Dodge: Dodged            |    36 |    31 ||    67
  Block: Buckler           |    20 |     7 ||    27

Table legend:
 A = Non-vault XP
 B = Vault XP
 C = Vault XP percentage of total XP
 D = Non-vault monster count
 E = Vault monster count
 F = Vault count percentage of total count
                 A         B        C        D         E       F
            +---------+---------+-------+---------+---------+-------
      Total |     140 |       3 |   2.1 |      48 |       2 |   4.0
            +---------+---------+-------+---------+---------+-------
        D:1 |      49 |       3 |   5.8 |      30 |       2 |   6.2
        D:2 |      91 |       0 |   0.0 |      18 |       0 |   0.0
            +---------+---------+-------+---------+---------+-------
